 Dungeon Crawl Stone Soup version 0.22.0 (webtiles) character file.

19922 Flugkiller the Cleaver (level 12, -1/141 HPs)
             Began as a Hill Orc Monk on Aug 11, 2018.
             Was the Champion of Elyvilon.
             Slain by a yak (9 damage)
             ... on level 6 of the Lair of Beasts.
             The game lasted 00:21:37 (15572 turns).

Flugkiller the Cleaver (Hill Orc Monk)             Turns: 15572, Time: 00:21:38

Health: -1/141     AC: 19    Str: 19    XL:     12   Next: 74%
Magic:  0/25       EV:  8    Int: 10    God:    Elyvilon [******]
Gold:   875        SH:  0    Dex: 13    Spells: 11/11 levels left

rFire    . . .     SeeInvis .   K - +6 battleaxe (elec)
rCold    . . .     Gourm    .   (shield currently unavailable)
rNeg     . . .     Faith    .   u - +0 plate armour
rPois    .         Spirit   +   E - +0 helmet
rElec    .         Reflect  .   i - scarf {Spirit}
rCorr    .         Harm     .   h - +2 pair of gloves
MR       +....                  (no boots)
Stlth    ..........             (no amulet)
HPRegen  0.33/turn              b - ring of protection from magic
MPRegen  0.19/turn              I - ring of flight

@: divinely vigorous, starving
A: no striking features
a: Lesser Healing, Heal Other, Purification, Greater Healing, Divine Vigour,
Divine Protection, Renounce Religion, Evoke Flight


You were on level 6 of the Lair of Beasts.
You worshipped Elyvilon.
Elyvilon was exalted by your worship.
You were starving.

You visited 2 branches of the dungeon, and saw 14 of its levels.

You collected 875 gold pieces.

Inventory:

Hand Weapons
 K - a +6 battleaxe of electrocution (weapon)
Armour
 g - a +1 ring mail of fire resistance
 h - a +2 pair of gloves (worn)
 i - a scarf of spirit shield (worn)
 u - a +0 plate armour (worn)
 E - a +0 helmet (worn)
Jewellery
 b - a ring of protection from magic (left hand)
 o - a +1 ring of evasion {unknown}
 r - an uncursed ring of stealth
 I - a ring of flight (right hand)
Wands
 v - a wand of acid (18)
 w - a wand of iceblast (39)
 y - a wand of digging (15)
 B - a wand of polymorph (8)
 H - a wand of flame (31)
Scrolls
 e - 8 scrolls of remove curse
 f - 7 scrolls of magic mapping
 k - 3 scrolls of blinking
 l - a scroll of enchant armour
 q - 4 scrolls of identify
 s - a scroll of fear
 x - 5 scrolls of teleportation
 D - a scroll of brand weapon
 F - 2 scrolls of fog
 M - 2 scrolls of holy word
Potions
 d - 2 potions of might
 j - 3 potions of flight
 m - a potion of lignification
 n - 4 potions of curing
 p - 2 potions of haste
 t - a potion of ambrosia
 z - a potion of resistance
 C - a potion of mutation
 J - a potion of brilliance
 L - a potion of agility
Comestibles
 c - 27 rations


   Skills:
 + Level 12.3 Fighting
 * Level 14.7 Axes
 + Level 10.9 Armour
 + Level 4.7 Dodging
 - Level 1.5 Stealth
 + Level 11.1 Invocations


You had 11 spell levels left.
You didn't know any spells.
Your spell library contained the following spells:

 Spells                   Type           Power        Failure   Level  Hunger
 Confuse                  Hex            #.......     100%        3    ####...
 Throw Frost              Conj/Ice       #.....       100%        2    ###....
 Summon Small Mammal      Summ           #...         100%        1    ##.....
 Freeze                   Ice            #...         100%        1    ##.....
 Summon Ice Beast         Ice/Summ       #.......     100%        4    #####..
 Ozocubu's Armour         Chrm/Ice       #.......     100%        3    ####...
 Call Imp                 Summ           #.......     100%        2    ###....
 Tukima's Dance           Hex            #.......     100%        3    ####...
 Throw Icicle             Conj/Ice       #.......     100%        4    #####..
 Call Canine Familiar     Summ           #.......     100%        3    ####...
 Ensorcelled Hibernation  Hex/Ice        #.....       100%        2    ###....
 Corona                   Hex            #......      100%        1    ##.....
 Dazzling Spray           Conj/Hex       #.....       100%        3    ####...
 Summon Lightning Spire   Summ/Air       #.......     100%        4    #####..
 Summon Guardian Golem    Hex/Summ       #.......     100%        3    ####...


Dungeon Overview and Level Annotations

Branches:
Dungeon (8/15)             Temple (0/1) D:7            Lair (6/6) D:8
 Shoals (0/4) Lair:2       Spider (0/4) Lair:3        Slime (0/5) Lair:5

Altars:
Cheibriados
Dithmenos
Elyvilon
Fedhas
Gozag
Hepliaklqana
Okawaru
Ru
Sif Muna
Uskayaw
Vehumet
Xom
The Shining One
Jiyva

Shops:
D:5 }

Annotations:
D:7 1 runed door, exclusion: oklob plant


Message History

Unknown command.
You slash the rime drake!
The rime drake is almost dead.
You hit the yak but do no damage. Lightning courses through the yak!
The rime drake closely misses you. The yak gores you but does no damage.
You slash the rime drake!
You kill the rime drake!
Your plate armour prevents you from hitting the yak.
The yak gores you but does no damage.
You barely miss the yak.
The yak is heavily wounded.
The ice encasing you melts away. The yak gores you!
* * * LOW HITPOINT WARNING * * *
You hit the yak.
The yak is heavily wounded.
The yak gores you.
* * * LOW HITPOINT WARNING * * *
You feel better. The yak gores you!
You die...

#.....$...#
##.......##
##.......#
####P.......#
###.#........##
.#....P........#
........?......####
...P.[.....Y†###.#
.#.#.#.#.#.#@#.#.##
...........†.....#
#.#.#.#.#.#.#.#.#.##
.......<...........#
#.#.#.#.#.#.#.#.#.##
........#.......#
.P...##...#####..#
###)## ##### #### #


You could see a yak.

Vanquished Creatures
  A two-headed ogre (D:8)
  Pikel (D:7)
  A torpor snail (Lair:5)
  5 komodo dragons
  10 spiny frogs
  2 rime drakes
  3 polar bears
  5 blink frogs
  5 dream sheep (Lair:4)
  4 hippogriffs
  Sigmund (D:2)
  28 yaks
  A basilisk (D:8)
  A steam dragon (Lair:3)
  Menkaure (D:6)
  Edmund (D:5)
  6 water moccasins
  11 porcupines
  A sky beast (D:7)
  An orc warrior (D:6)
  A black bear (Lair:3)
  2 ice beasts
  A necrophage (D:5)
  6 wolves
  2 centaurs
  6 crocodiles
  11 bullfrogs
  3 scorpions
  5 wights
  2 howler monkeys
  2 centaur zombies
  A centaur skeleton (D:4)
  A hound (D:6)
  A jelly (D:6)
  An orc priest (D:3)
  A bullfrog skeleton (D:4)
  Terence (D:2)
  Jessica (D:2)
  An iguana (D:8)
  7 hell rats
  2 worker ants (D:4)
  A killer bee zombie (D:6)
  3 gnolls
  A howler monkey skeleton (D:4)
  A howler monkey zombie (D:8)
  7 adders
  A shadow imp (D:5)
  4 worms
  2 dart slugs (D:1)
  5 leopard geckos
  16 orcs
  4 ball pythons
  9 bats
  4 giant cockroaches
  8 goblins
  8 hobgoblins
  3 jackals (D:4)
  2 quokkas (D:5)
  6 frilled lizards
  7 kobolds
  A leopard gecko skeleton (D:3)
  A quokka skeleton (D:5)
  10 rats
  3 fungi
254 creatures vanquished.

Vanquished Creatures (others)
  A porcupine (Lair:2)
  2 slaves (D:7)
  An adder (D:7)
  5 fungi
  6 plants
15 creatures vanquished.

Grand Total: 269 creatures vanquished

Notes
Turn   | Place    | Note
-------+----------+-------------------------------------------
     0 | D:1      | Flugkiller the Hill Orc Monk began the quest for the Orb.
     0 | D:1      | Reached XP level 1. HP: 19/19 MP: 1/1
    59 | D:1      | Reached XP level 2. HP: 27/27 MP: 2/2
   220 | D:1      | Reached skill level 1 in Armour
   302 | D:1      | Reached XP level 3. HP: 25/33 MP: 3/3
   814 | D:2      | Reached skill level 5 in Axes
  1222 | D:2      | Reached XP level 4. HP: 40/40 MP: 4/4
  1523 | D:2      | Found a faded altar of an unknown god.
  1576 | D:2      | Noticed Sigmund
  1669 | D:2      | Noticed Jessica
  1687 | D:2      | Killed Jessica
  1687 | D:2      | Reached XP level 5. HP: 46/47 MP: 5/5
  1691 | D:2      | Became a worshipper of Elyvilon the Healer
  1691 | D:2      | Reached * piety under Elyvilon
  1691 | D:2      | Reached ** piety under Elyvilon
  1771 | D:2      | Noticed Terence
  1802 | D:2      | Killed Terence
  1802 | D:2      | Reached skill level 6 in Axes
  2122 | D:2      | Killed Sigmund
  2122 | D:2      | Reached skill level 5 in Fighting
  2122 | D:2      | Reached XP level 6. HP: 51/56 MP: 5/8
  2211 | D:2      | Reached *** piety under Elyvilon
  2430 | D:3      | Found an opulent altar of Gozag.
  3297 | D:4      | Reached XP level 7. HP: 47/62 MP: 7/9
  3416 | D:4      | Reached **** piety under Elyvilon
  3612 | D:4      | Found a sacrificial altar of Ru.
  3961 | D:5      | Entered Level 5 of the Dungeon
  4044 | D:5      | Noticed Edmund
  4080 | D:5      | Killed Edmund
  4080 | D:5      | Reached skill level 5 in Invocations
  4386 | D:5      | Reached skill level 5 in Armour
  4386 | D:5      | Reached XP level 8. HP: 69/70 MP: 11/11
  4445 | D:5      | Found Cinaol's Gadget Shoppe.
  4946 | D:6      | Reached ***** piety under Elyvilon
  4946 | D:6      | Noticed Menkaure
  4953 | D:6      | Killed Menkaure
  5952 | D:7      | Found a radiant altar of Vehumet.
  5997 | D:7      | Noticed Pikel
  6053 | D:7      | Killed Pikel
  6053 | D:7      | Reached XP level 9. HP: 50/81 MP: 9/14
  6403 | D:7      | Found a staircase to the Ecumenical Temple.
  6432 | D:7      | Found a hide-covered altar of Uskayaw.
  6433 | D:7      | Found a shadowy altar of Dithmenos.
  6433 | D:7      | Found a hazy altar of Hepliaklqana.
  6554 | D:7      | Found a shimmering altar of Xom.
  6556 | D:7      | Found a sacrificial altar of Ru.
  6556 | D:7      | Found an iron altar of Okawaru.
  6558 | D:7      | Found a snail-covered altar of Cheibriados.
  6558 | D:7      | Found a shimmering altar of Xom.
  6558 | D:7      | Found a glowing golden altar of the Shining One.
  6613 | D:7      | Found a runed door.
  6821 | D:7      | Found a blossoming altar of Fedhas.
  6831 | D:7      | Noticed an oklob plant
  7223 | D:7      | Reached skill level 7 in Axes
  7470 | D:8      | Found a staircase to the Lair.
  7472 | D:8      | Noticed a two-headed ogre
  7901 | D:8      | Killed a two-headed ogre
  7901 | D:8      | Reached skill level 8 in Axes
  7901 | D:8      | Reached XP level 10. HP: 31/92 MP: 0/16
  8156 | D:8      | Reached skill level 9 in Axes
  8191 | D:8      | Reached skill level 10 in Fighting
  8861 | D:8      | Found a deep blue altar of Sif Muna.
  9090 | Lair:1   | Entered Level 1 of the Lair of Beasts
  9103 | Lair:1   | Reached skill level 10 in Axes
  9783 | Lair:1   | Reached skill level 11 in Axes
 10041 | Lair:1   | Reached ****** piety under Elyvilon
 10699 | Lair:2   | Found a staircase to the Shoals.
 10732 | Lair:2   | Noticed a spiny frog
 10739 | Lair:2   | Pacified a spiny frog
 10952 | Lair:2   | Reached XP level 11. HP: 43/101 MP: 4/17
 11253 | Lair:2   | Reached skill level 12 in Axes
 12494 | Lair:3   | Noticed a four-headed hydra
 12497 | Lair:3   | Pacified a four-headed hydra
 12522 | Lair:3   | Found a hole to the Spider Nest.
 13006 | Lair:4   | Reached skill level 10 in Armour
 13187 | Lair:4   | Reached skill level 13 in Axes
 14065 | Lair:5   | Reached skill level 10 in Invocations
 14077 | Lair:5   | Reached XP level 12. HP: 101/111 MP: 16/19
 14092 | Lair:5   | Noticed a six-headed hydra
 14095 | Lair:5   | Pacified a six-headed hydra
 14172 | Lair:5   | Found a viscous altar of Jiyva.
 14173 | Lair:5   | Found a staircase to the Slime Pits.
 15041 | Lair:6   | Entered Level 6 of the Lair of Beasts
 15058 | Lair:5   | Reached skill level 14 in Axes
 15567 | Lair:6   | Elyvilon protects you from harm!
 15570 | Lair:6   | HP: 6/141 [yak (10)]
 15572 | Lair:6   | Slain by a yak

Skill      XL: |  1  2  3  4  5  6  7  8  9 10 11 12 |
---------------+-------------------------------------+-----
Armour         | 1 2 3 5 6 8 9 10 | 10.9
Fighting       | 4 5 6 8 9 10 11 12 | 12.3
Axes           | 5 6 8 11 13 14 | 14.7
Invocations    | 2 3 5 7 9 10 11 | 11.1
Dodging        | 3 4 |  4.7
Stealth        | |  1.5

Action                   |  1- 3 |  4- 6 |  7- 9 | 10-12 || total
-------------------------+-------+-------+-------+-------++-------
Melee: Hand axe          |    95 |   105 |       |       ||   200
       Morningstar       |       |   118 |   312 |       ||   430
       War axe           |       |       |    62 |   294 ||   356
       Battleaxe         |       |       |       |    95 ||    95
Invok: Lesser Healing    |       |       |     2 |     4 ||     6
       Greater Healing   |       |       |     3 |     4 ||     7
       Heal Other        |       |       |     3 |     4 ||     7
       Purification      |       |       |       |     1 ||     1
       Divine Vigour     |       |       |       |     1 ||     1
Evoke: Wand              |       |       |     2 |       ||     2
  Use: Scroll            |     6 |       |     5 |    21 ||    32
       Potion            |       |       |     2 |     2 ||     4
 Stab: Sleeping          |     2 |       |       |       ||     2
  Eat: Chunk             |     1 |     6 |    11 |    21 ||    39
       Ration            |       |       |     2 |     2 ||     4
Armor: Robe              |    10 |       |       |       ||    10
       Ring mail         |       |    55 |       |       ||    55
       Scale mail        |       |    28 |       |       ||    28
       Plate armour      |       |    24 |   344 |   337 ||   705
Dodge: Dodged            |    53 |   159 |   142 |   186 ||   540
